 Dungeon Crawl Stone Soup version 0.11.0-9-gb634444 (webtiles) character file.

578 mangopdk the Grave Robber (level 6, 0/41 HPs)
             Began as a Vampire Necromancer on Jan 7, 2013.
             Killed by divine providence
             ... invoked by an orc priest
              (8 damage)
             ... on Level 4 of the Dungeon.
             The game lasted 00:56:28 (4686 turns).

mangopdk the Grave Robber (Vampire Necromancer)     Turns: 4686, Time: 00:56:28

HP   0/41        AC 10     Str  9      XL: 6   Next: 30%
MP  13/14        EV  8     Int 17      God:
Gold 215         SH  0     Dex 14      Spells:  3 memorised,  6 levels left

Res.Fire  : . . .   See Invis. : +   v - +0,+1 quarterstaff
Res.Cold  : . . .   Warding    : .   s - +1 scale mail
Life Prot.: + . .   Conserve   : .   (no shield)
Res.Poison: .       Res.Corr.  : .   (no helmet)
Res.Elec. : .       Clarity    : .   j - +1 cloak
Sust.Abil.: . .     Spirit.Shd : .   (no gloves)
Res.Mut.  : .       Stasis     : +   q - +0 pair of boots
Res.Rott. : .       Ctrl.Telep.: .   w - amulet of stasis
Saprovore : . . .   Levitation : .   (no ring) Ctrl.Flight: .
                                     F - ring of sustenance

@: slightly resistant to hostile enchantments, unstealthy
A: bottle blood, fangs 3, see invisible, unbreathing
a: Bat Form, Bottle Blood


You were on level 4 of the Dungeon.
You were not thirsty.

You visited 1 branch of the dungeon, and saw 4 of its levels.

You collected 195 gold pieces.

Inventory:

Hand weapons
 c - a +2 blowgun
 d - a +2,+2 quarterstaff of chaos
 f - a +1,+2 short sword
 i - a +0,+0 orcish falchion
 v - a +0,+1 quarterstaff (weapon)
 y - a +1,+0 sling
Missiles
 g - 3 curare-tipped needles
 p - 6 arrows of dispersal
 r - 10 arrows
 B - 19 poisoned needles
Armour
 j - a +1 cloak (worn)
 q - a +0 pair of boots (worn)
 s - a +1 scale mail (worn)
Scrolls
 l - 2 scrolls of identify
 D - 3 scrolls of remove curse
 E - a scroll of teleportation
Jewellery
 w - an amulet of stasis (around neck)
 F - a ring of sustenance (left hand)
Potions
 a - a potion of paralysis {unknown}
 h - a potion of blood
 k - a potion of speed
 n - a potion of berserk rage
 u - a potion of levitation {unknown}
 x - a potion of confusion {unknown}
 C - a potion of curing
 G - a potion of heal wounds {unknown}
 H - 2 potions of restore abilities
Books
 b - a book of Necromancy

   Spells                             Type                      Level
   *Pain                              Necromancy                   1
   *Animate Skeleton                  Necromancy                   1
   Lethal Infusion                    Charms/Necromancy            2
   *Vampiric Draining                 Necromancy                   3
   Regeneration                       Charms/Necromancy            3
   Animate Dead                       Necromancy                   4
   Control Undead                     Necromancy                   4


   Skills:
 + Level 0.3 Fighting
 + Level 1.0 Throwing
 + Level 1.5 Armour
 + Level 2.5 Dodging
 + Level 3.2 Stealth
 + Level 0.5 Traps & Doors
 + Level 3.3 Spellcasting
 + Level 6.3 Necromancy


You had 6 spell levels left.
You knew the following spells:

 Your Spells              Type           Power        Failure   Level  Hunger
a - Pain                  Necr           ####.        10%         1    None
b - Animate Skeleton      Necr           N/A          10%         1    None
c - Vampiric Draining     Necr           ####......   24%         3    ###....


Dungeon Overview and Level Annotations

Branches:
Dungeon (4/27)
 Temple: D:4-7

Altars:
Makhleb
Vehumet

Annotations
D:4 Blork the orc; Chiseanne's ghost, average DDWn


Innate Abilities, Weirdness & Mutations

You can bottle blood from corpses.
You have razor-sharp teeth.*
You have supernaturally acute eyesight.
You can survive without breathing.*


Message History

The orc wizard convulses in agony!
Blork the orc barely misses you.
The orc hits your jackal skeleton with an orcish flail!
Your jackal skeleton is destroyed!
Blork the orc looks angry.
Blork the orc barely misses you.
The orc priest picks up an orcish dagger.
Blork the orc closely misses you.
The orc priest mumbles some strange prayers to Beogh against you.
Something smites you!
Blork the orc becomes somewhat translucent.
Blork the orc looks stronger.
Chiseanne's ghost screams, "I'll kill anyone who wants the ORB!"
Blork the orc casts a spell at you. The puff of flame misses you.
The orc priest mumbles some strange prayers to Beogh against you.
Something smites you!
* * * LOW HITPOINT WARNING * * *
The orc priest invokes the aid of Beogh against you.
Something smites you!
You die...

...z.#####....# #≈≈≈≈...........
.....# #....# #§≈≈≈/..........
...<.# #....#####§4≈≈..........
####.# #.>.....####≈≈≈.........
#.# #.......# ##≈§§....[... #.#
#.......#########......# #.#
#.....................##
####.#####.............po........
z...............@o.o.o.o.........
#################################


You could see Blork the orc, an orc priest, an orc wizard (invisible),
Chiseanne's ghost and 2 orcs.

Vanquished Creatures
  A sky beast (D:3)
  Crazy Yiuf (D:2)
  A scorpion (D:4)
  An orc wizard (D:4)
  Ijyb (D:2)
  Jessica (D:3)
  Terence (D:2)
  2 adders (D:3)
  2 giant mites
  3 worms
  4 giant geckos
  An ooze (D:3)
  6 orcs (D:3)
  7 bats
  13 goblins
  5 hobgoblins
  2 jackals (D:4)
  A quokka (D:4)
  3 giant cockroaches
  9 kobolds
  12 rats
77 creatures vanquished.

Vanquished Creatures (collateral kills)
  An orc wizard (D:2)
  An ooze (D:1)
  An orc (D:3)
  A jackal (D:4)
  A kobold (D:1)
  A bat (D:2)
  A rat (D:3)
  A rat skeleton (D:4)
8 creatures vanquished.

Vanquished Creatures (others)
  4 bat skeletons
  A goblin (D:3)
  6 goblin skeletons
  2 hobgoblin skeletons
  A jackal skeleton (D:4)
  2 kobold skeletons
  3 orc skeletons
  A quokka skeleton (D:4)
  6 rat skeletons
26 creatures vanquished.

Grand Total: 111 creatures vanquished

Notes
Turn   | Place    | Note
--------------------------------------------------------------
     0 | D:1      | mangopdk, the Vampire Necromancer, began the quest for the Orb.
     0 | D:1      | Reached XP level 1. HP: 13/13 MP: 4/4
     4 | D:1      | Learned a level 1 spell: Animate Skeleton
   340 | D:1      | Reached XP level 2. HP: 16/19 MP: 5/5
  1051 | D:2      | Reached skill level 5 in Necromancy
  1129 | D:2      | Reached XP level 3. HP: 20/24 MP: 1/7
  1296 | D:2      | Noticed Terence
  1313 | D:2      | Killed Terence
  1777 | D:2      | Found a burning altar of Makhleb.
  1782 | D:2      | Noticed Ijyb
  1794 | D:2      | Killed Ijyb
  1794 | D:2      | Reached XP level 4. HP: 18/30 MP: 1/9
  1912 | D:2      | Noticed Crazy Yiuf
  1932 | D:2      | Killed Crazy Yiuf
  2169 | D:3      | Noticed a sky beast
  2185 | D:3      | Killed a sky beast
  2185 | D:3      | Reached skill level 1 in Throwing
  2185 | D:3      | Reached skill level 1 in Armour
  2185 | D:3      | Reached XP level 5. HP: 26/35 MP: 3/11
  2633 | D:2      | HP: 1/35 [orc wizard/orcish spiked flail (2)]
  2635 | D:2      | Reached skill level 6 in Necromancy
  3002 | D:3      | Found a radiant altar of Vehumet.
  3572 | D:3      | Noticed Jessica
  3575 | D:3      | Killed Jessica
  3575 | D:3      | Reached XP level 6. HP: 38/41 MP: 10/13
  3947 | D:3      | Learned a level 3 spell: Vampiric Draining
  4518 | D:4      | Noticed an iron devil
  4662 | D:4      | Noticed Blork the orc
  4663 | D:4      | Noticed Chiseanne's ghost (average DDWn)
  4686 | D:4      | Killed from afar by an orc priest
